 Dungeon Crawl Stone Soup version 0.27.1-33-g824d729ab1 (webtiles) character file.

Game seed: 14414168250552639278

22 safid the Skirmisher (level 2, -2/27 HPs)
             Began as a Hill Orc Fighter on Dec 21, 2021.
             Slain by Sigmund (9 damage)
             ... on level 2 of the Dungeon.
             The game lasted 00:01:30 (1383 turns).

safid the Skirmisher (Hill Orc Fighter)             Turns: 1383, Time: 00:01:31

Health: -2/27      AC:  6    Str: 18    XL:     2   Next: 91%
Magic:  2/2        EV:  7    Int:  8    God:
Gold:   29         SH:  9    Dex: 10    Spells: 1/1 levels left

rFire    . . .     SeeInvis .   a - +0 war axe
rCold    . . .     Faith    .   c - +0 kite shield
rNeg     . . .     Spirit   .   b - +0 scale mail
rPois    .         Reflect  .   (no helmet)
rElec    .         Harm     .   (no cloak)
rCorr    .         Rampage  .   (no gloves)
Will     .....                  (no boots)
Stlth    ..........             (no amulet)
HPRegen  0.09/turn              (no ring)
MPRegen  0.08/turn              (no ring)

@: mighty
A: no striking features
a: no special abilities


You were on level 2 of the Dungeon.
You visited 1 branch of the dungeon, and saw 2 of its levels.

You collected 29 gold pieces.

Inventory:

Hand Weapons
 a - a +0 war axe (weapon)
Armour
 b - a +0 scale mail (worn)
 c - a +0 kite shield (worn)
Scrolls
 e - a scroll of teleportation {unknown}
Potions
 d - a potion of might
 f - a potion of degeneration {unknown}
 g - a potion of attraction {unknown}


   Skills:
 - Level 4.0 Fighting
 + Level 3.2 Axes
 + Level 3.6 Armour
 + Level 3.6 Shields


You had one spell level left.
You didn't know any spells.
Your spell library was empty.

Dungeon Overview and Level Annotations

Branches:
Dungeon (2/15)

Altars:

Annotations:
D:2 Sigmund


Message History

Sigmund gestures at you while chanting.
You are confused.
There is a stone staircase leading up here.
You feel very mighty all of a sudden.
Sigmund hits you from afar with a +0 scythe.
You bump into the rock wall.
Sigmund hits you with a +0 scythe.
Unknown command.
You miss Sigmund.
Sigmund is lightly wounded.
Sigmund closely misses you.
Unknown command.
You bump into the rock wall.
Sigmund barely misses you.
Unknown command.
You bump into the rock wall.
Unknown command.
You barely miss Sigmund.
Sigmund is lightly wounded.
You feel less confused. You block Sigmund's attack. x2
Unknown command.
You closely miss Sigmund.
Sigmund is lightly wounded.
Sigmund gestures wildly while chanting.
Sigmund flickers and vanishes!
Deactivating autopickup; reactivate with Ctrl-A.
Unknown command.
Your shield prevents you from hitting something.
You block something's attack.
Unknown command.
You closely miss something. Something hits you!
Unknown command.
You barely miss something. Something hits you but does no damage.
Unknown command.
You miss something. Something completely misses you.
You slash something! Something hits you!
* * * LOW HITPOINT WARNING * * *
You hit something. Something completely misses you.
You barely miss something. You block something's attack.
You closely miss something. Something hits you!
You die...

.# .# .# ##.
#.. #.# #.#
#<#
###.###@#####
.....[..{...#
###.###.###.#
#.# #.# #.#
#.# ... #.#
... #.# #...
#.# #....#..


There were no monsters in sight!

Vanquished Creatures
  A gnoll (D:1)
  A ball python (D:1)
  2 giant cockroaches (D:1)
  2 goblins (D:1)
  3 bats (D:1)
  2 kobolds (D:1)
  A rat (D:1)
12 creatures vanquished.

Notes
Turn   | Place    | Note
-------+----------+-------------------------------------------
     0 | D:1      | safid the Hill Orc Fighter began the quest for the Orb.
     0 | D:1      | Reached XP level 1. HP: 19/19 MP: 1/1
   186 | D:1      | Reached XP level 2. HP: 27/27 MP: 2/2
   526 | D:1      | Found a faded altar of an unknown god.
   783 | D:1      | Reached skill level 4 in Fighting
  1252 | D:2      | Noticed Sigmund
  1383 | D:2      | Slain by Sigmund

Illustrated notes

Levels and vault maps discovered:
D:1:      erik_arrival_cave_to_civilisation [erik_arrival_cave_to_hall],
          layout_basic, hellmonk_ecumenical_altar_blasted
D:2:      layout_loops_ring, uniq_sigmund

Skill      XL: |  1  2 |
---------------+-------+-----
Axes           | 3 |  3.2
Fighting       | 4 |  4.0
Armour         | |  3.6
Shields        | |  3.6

Action                   || total
-------------------------++-------
Melee: War axe           ||    68
  Use: Potion            ||     2
Armor: Scale mail        ||    28
Dodge: Dodged            ||    23
Block: Kite shield       ||    36
